 Dungeon Crawl Stone Soup version 0.17-a0-1805-g6093636 (webtiles) character file.

170 luca467 the Skirmisher (level 5, -2/43 HPs)
             Began as a Demonspawn Wanderer on Sept 12, 2015.
             Slain by an orc priest
             ... wielding a +0 short sword
              (6 damage)
             ... on level 4 of the Dungeon.
             The game lasted 00:15:54 (2330 turns).

luca467 the Skirmisher (Demonspawn Wanderer)        Turns: 2330, Time: 00:15:54

Health: -2/43      AC:  3    Str: 15    XL:     5   Next: 25%
Magic:  5/5        EV: 12    Int: 15    God:
Gold:   132        SH:  0    Dex: 13    Spells: 1 memorised, 2 levels left

rFire  . . .     SeeInvis .     a - +2 quarterstaff
rCold  . . .     Clarity  .     d - +0 robe
rNeg   . . .     SustAt   .     (no shield)
rPois  .         Gourm    .     (no helmet)
rElec  .         Spirit   .     l - +0 cloak
rCorr  .         Warding  .     (no gloves)
rMut   .         Stasis   .     (no boots)
MR     .....                    h - amulet of rage
Stlth  ++........               (no ring)
                                z - +4 ring of strength

@: not resistant to hostile enchantments, unstealthy
A: talons 2, powered by death 2
a: Evoke Berserk Rage


You were on level 4 of the Dungeon.
You were very hungry.

You visited 1 branch of the dungeon, and saw 4 of its levels.

You collected 132 gold pieces.

Inventory:

Hand weapons
 a - a +2 quarterstaff (weapon)
 b - a +0 falchion
Missiles
 o - 6 poisoned needles
Armour
 d - a +0 robe (worn)
 l - a +0 cloak (worn)
Jewellery
 h - an amulet of rage (around neck)
 z - a +4 ring of strength (left hand)
Scrolls
 k - a scroll of random uselessness {unknown}
 p - a scroll of teleportation
 q - a scroll of magic mapping {unknown}
 w - a scroll of fear {unknown}
 x - a scroll of remove curse
 y - a scroll of enchant armour {unknown}
Potions
 c - a potion of lignification
 i - 2 potions of heal wounds {unknown}
 m - a potion of brilliance {unknown}
 n - a potion of mutation {unknown}
 r - 2 potions of curing {unknown}
 u - a potion of resistance {unknown}
Books
 v - a Young Poisoner's Handbook

   Spells                             Type                      Level
   a - Sting                          Conjuration/Poison           1
   b - Cure Poison                    Poison                       2
   c - Mephitic Cloud                 Conjuration/Poison/Air       3
   d - Olgreb's Toxic Radiance        Poison                       4
   e - Venom Bolt                     Conjuration/Poison           5
Comestibles
 e - 3 bread rations
 g - 2 meat rations
 s - a royal jelly
 A - a fruit


   Skills:
 + Level 4.8 Fighting
 * Level 3.4 Staves
 - Level 1.0 Throwing
 + Level 2.3 Dodging
 - Level 1.0 Stealth
   Level 1.0 Shields
 - Level 1.0 Unarmed Combat


You had 2 spell levels left.
You knew the following spells:

 Your Spells              Type           Power        Failure   Level  Hunger
a - Cure Poison           Pois           #.........   38%         2    ###....


Dungeon Overview and Level Annotations

Branches:
Dungeon (4/15)
 Temple: D:4-7

Altars:
Ashenzari
Dithmenos


Innate Abilities, Weirdness & Mutations

You have razor-sharp toenails.
You regenerate health from kills.


Message History

* * * LOW HITPOINT WARNING * * *
The orc hits you but does no damage. The orc priest barely misses you.
The orc wizard barely misses you.
You hit the orc wizard.
The orc wizard is severely wounded.
The orc wizard gestures at you while chanting.
The puff of flame misses you. The orc hits you but does no damage.
The orc priest misses you. The orc wizard hits you with a dagger.
* * * LOW HITPOINT WARNING * * *
Unknown command.
You completely miss the orc wizard. Your kick misses the orc wizard.
The orc wizard is severely wounded.
The orc wizard hits you but does no damage.
The orc barely misses you.
The orc priest casts a cantrip, but nothing happens.
The orc wizard closely misses you.
You hit the orc wizard.
The orc wizard is almost dead.
The orc priest hits you with a short sword.
You die...

#.# #.# ######'###
##.###.########.........
#............##.......##
######.......!'.......'.
#).####.##.......## #..#
#.##.......# #..#
#.##.......# #..#
#.##.......## #o@#
#..+.......'. #oo#
####.......#.
#...........######.
#.#......##. #. #.
........ .. ## ...(..#
.. ......# .## ......# .
####### #.


You could see an orc priest, an orc wizard and an orc.

Vanquished Creatures
  An orc wizard (D:3)
  6 adders
  An ooze (D:2)
  An adder skeleton (D:4)
  2 worms
  2 giant geckos (D:3)
  12 orcs (D:3)
  A ball python (D:2)
  5 bats
  4 goblins
  5 hobgoblins
  3 jackals (D:1)
  4 kobolds
  5 giant cockroaches
  5 giant newts
  9 rats
66 creatures vanquished.

Notes
Turn   | Place    | Note
--------------------------------------------------------------
     0 | D:1      | luca467 the Demonspawn Wanderer began the quest for the Orb.
     0 | D:1      | luca467 set off with: a +2 quarterstaff, a +0 falchion, a potion of lignification, a +0 robe, a bread ration
     0 | D:1      | Reached XP level 1. HP: 19/19 MP: 1/1
   418 | D:1      | Gained mutation: You have sharp toenails. [demonic ancestry]
   418 | D:1      | Reached XP level 2. HP: 18/25 MP: 2/2
  1017 | D:2      | Reached skill level 1 in Dodging
  1017 | D:2      | Gained mutation: You regenerate a little health from kills. [demonic ancestry]
  1017 | D:2      | Reached XP level 3. HP: 27/30 MP: 3/3
  1099 | D:2      | Learned a level 2 spell: Cure Poison
  1288 | D:2      | Gained mutation: You regenerate health from kills. [demonic ancestry]
  1288 | D:2      | Reached XP level 4. HP: 38/38 MP: 4/4
  1408 | D:3      | Found a shattered altar of Ashenzari.
  1810 | D:3      | Gained mutation: You have razor-sharp toenails. [demonic ancestry]
  1810 | D:3      | Reached XP level 5. HP: 39/43 MP: 5/5
  2094 | D:3      | Found a shadowy altar of Dithmenos.
  2328 | D:4      | HP: 2/43 [orc wizard/dagger (3)]
  2330 | D:4      | Slain by an orc priest

Vault maps used:
D:1:      minmay_arrival_four_circles
D:3:      grunt_dithmenos_smoke_and_mirrors, cheibrodos_ashenzari_chains,
          first_bread, feat_on_display
D:4:      minmay_crystal_room

Action                   |  1- 3 |  4- 6 || total
-------------------------+-------+-------++-------
Melee: Quarterstaff      |   112 |    85 ||   197
 Cast: Cure Poison       |       |     2 ||     2
  Use: Scroll            |       |     4 ||     4
 Stab: Sleeping          |     4 |       ||     4
  Eat: Chunk             |     1 |     3 ||     4
